 Dungeon Crawl Stone Soup version 0.31-a0-217-g58bb5d79cf (webtiles) character file.

Game seed: 16915491940721525508

380 qw the Shooter (level 6, -2/38 HPs)
             Began as a Gargoyle Hexslinger on July 2, 2023.
             Was an Initiate of Okawaru.
             Slain by Duvessa
             ... wielding a +0 short sword
              (3 damage)
             ... on level 5 of the Dungeon.
             The game lasted 00:01:01 (3367 turns).

qw the Shooter (Gargoyle Hexslinger)                Turns: 3367, Time: 00:01:01

Health: -2/38      AC: 11    Str: 12    XL:     6   Next: 75%
Magic:  7/7        EV: 12    Int: 13    God:    Okawaru [......]
Gold:   143        SH:  0    Dex: 14    Spells: 6/7 levels left

rFire   . . .        d - +11 sling of the Enfolding Eel {heavy, rPois}
rCold   . . .        (no shield)
rNeg    + . .        g - +1 steam dragon scales
rPois   inf          l - +0 helmet
rElec   +            (no cloak)
rCorr   .            (no gloves)
SInv    .            (no boots)
Will    .....        (no amulet)
Stlth   +            (no ring)
HPRegen 0.26/turn    (no ring)
MPRegen 0.10/turn

%: no passive effects
@: no status effects
A: sickness immunity, AC +4, negative energy resistance 1, electricity
resistance, torment resistance 1, petrification resistance
a: Renounce Religion


You were on level 5 of the Dungeon.
You worshipped Okawaru.
Okawaru was noncommittal.
You visited 2 branches of the dungeon, and saw 6 of its levels.

You collected 143 gold pieces.


Innate Abilities, Weirdness & Mutations

You are immune to sickness and miasma.
Your stone body is resilient. (AC +4)
You are immune to poison.
You resist negative energy. (rN+)
You are resistant to electric shocks. (rElec)
You are resistant to unholy torment.
You are immune to petrification.


   Skills:
 - Level 3.8 Fighting
 + Level 5.8 Ranged Weapons
 - Level 1.0 Armour
 - Level 1.5 Dodging
 - Level 1.0 Spellcasting
 - Level 2.6 Hexes


You had 6 spell levels left.
You knew the following spells:

 Your Spells              Type           Power      Damage    Failure   Level
a - Slow                  Hex            28%        N/A       10%         1

Your spell library contained the following spells:

 Spells                   Type           Power      Damage    Failure   Level
 Inner Flame              Hex/Fire       4%         N/A       43%         3
 Portal Projectile        Hex/Tloc       8%         N/A       43%         3
 Cause Fear               Hex            3%         N/A       67%         4

Inventory:

Hand Weapons
 d - the +11 sling of the Enfolding Eel (weapon) {heavy, rPois}
   (You found it on level 2 of the Dungeon)

   rPois:     It protects you from poison.
Armour
 g - +1 steam dragon scales (worn)
 l - a +0 helmet (worn)
Scrolls
 a - a scroll of identify
 f - a scroll of enchant weapon
Potions
 b - a potion of cancellation
 c - a potion of enlightenment
 e - 2 potions of might
 h - a potion of invisibility {unknown}
 i - a potion of mutation
 j - 3 potions of curing
 k - a potion of heal wounds {unknown}
 m - a potion of attraction {unknown}

Dungeon Overview and Level Annotations

Branches:
Dungeon (5/15)             Temple (1/1) D:4

Altars:
Cheibriados
Elyvilon
Gozag
Hepliaklqana
Kikubaaqudgha
Makhleb
Nemelex Xobeh
Okawaru
Qazlal
Ru
Sif Muna
Trog
Uskayaw
Vehumet
Wu Jian
Xom
Yredelemnul

Annotations:
D:4 3 runed translucent doors, qw's ghost, amateur MiHs
D:5 Duvessa


Message History

An orc comes into view. It is wielding a +0 dagger.
You shoot a sling bullet. The sling bullet hits the orc!
You kill the orc!
Okawaru accepts your kill.
Found a mace and a scroll of amnesia.
h - a glowing purple potion Duvessa and Dowan come into view.
You shoot a sling bullet. The sling bullet hits Dowan!
Dowan shouts!
Dowan is moderately wounded.
Duvessa shouts!
Duvessa gestures with her weapon.
You shoot a sling bullet. The sling bullet hits Dowan!
You kill Dowan!
Okawaru accepts your kill.
Duvessa screams in rage.
Duvessa goes berserk!
Duvessa rages.
You shoot a sling bullet.
The sling bullet closely misses Duvessa.
Duvessa hits you with a +0 short sword. x2
You shoot a sling bullet. The sling bullet barely misses Duvessa.
Duvessa barely misses you. Duvessa hits you with a +0 short sword!
You shoot a sling bullet. The sling bullet hits Duvessa!
Duvessa is moderately wounded.
Duvessa hits you but does no damage. Duvessa hits you with a +0 short sword!
Duvessa hits you but does no damage.
You shoot a sling bullet. The sling bullet hits Duvessa.
Duvessa is moderately wounded.
Duvessa hits you with a +0 short sword. Duvessa hits you but does no damage. x2
You shoot a sling bullet. The sling bullet hits Duvessa!
Duvessa is heavily wounded.
Duvessa closely misses you. Duvessa hits you with a +0 short sword.
You shoot a sling bullet. The sling bullet hits Duvessa.
Duvessa is heavily wounded.
Duvessa closely misses you. Duvessa hits you with a +0 short sword.
You shoot a sling bullet. The sling bullet hits Duvessa!
Duvessa is almost dead.
Duvessa hits you but does no damage. x2; Duvessa hits you with a +0 short sword.
You die...

## #####)..#
#.e...# #@#
########.#
....?....#
......)..#
#.......#
#..##..## #
.####..##..####..#
................).
.......#...####.#


You could see Duvessa (berserk).

Vanquished Creatures
  A black bear (D:4)
  Dowan (D:5)
  3 hounds (D:4)
  An iguana (D:5)
  6 adders
  A worm (D:2)
  8 orcs
  4 endoplasms
  6 giant cockroaches
  7 goblins
  5 hobgoblins
  4 jackals (D:1)
  5 quokkas
  4 ball pythons
  3 bats
  4 frilled lizards
  6 kobolds
  3 rats
72 creatures vanquished.

Notes
Turn   | Place    | Note
-------+----------+-------------------------------------------
     0 | D:1      | qw the Gargoyle Hexslinger began the quest for the Orb.
     0 | D:1      | Reached XP level 1. HP: 12/12 MP: 2/2
     0 | D:1      | 0 ||| qw: Version: 0.3-a-40-ge99b1a8
     0 | D:1      | 0 ||| qw: Game counter: 42
     0 | D:1      | 0 ||| qw: Melee chars always use a shield: true
     0 | D:1      | 0 ||| qw: God list: Okawaru
     0 | D:1      | 0 ||| qw: Allow faded altars: false
     0 | D:1      | 0 ||| qw: Do Orc after clearing Dungeon:15 true
     0 | D:1      | 0 ||| qw: Do second Lair branch before Depths: true
     0 | D:1      | 0 ||| qw: Lair rune preference: random
     0 | D:1      | 0 ||| qw: Goals: Normal
     0 | D:1      | 0 ||| PLANNING D:1-11
   209 | D:1      | Reached XP level 2. HP: 16/16 MP: 3/3
   216 | D:1      | Found a faded altar of an unknown god.
   447 | D:1      | Reached skill level 3 in Ranged Weapons
   807 | D:1      | 807 ||| UPGRADING to +0 ring mail.
   817 | D:1      | 817 ||| DROPPING +0 robe.
   818 | D:1      | 818 ||| UPGRADING to +0 steam dragon scales.
   828 | D:1      | 828 ||| DROPPING +0 ring mail.
   829 | D:1      | 829 ||| UPGRADING to +0 helmet.
   834 | D:1      | 834 ||| READING 4 scrolls labelled SEASY MUXKICK.
   835 | D:1      | 835 ||| READING scroll labelled TOIJUKHL ARURGH.
   836 | D:1      | 836 ||| READING 2 scrolls labelled WAICEPASUN.
   837 | D:1      | 837 ||| READING scroll of enchant weapon.
   837 | D:1      | 837 ||| ENCHANTING +2 sling.
   838 | D:1      | 838 ||| READING 3 scrolls of identify.
   838 | D:1      | 838 ||| IDENTIFYING pink potion
   839 | D:1      | 839 ||| READING 2 scrolls of identify.
   839 | D:1      | 839 ||| IDENTIFYING bubbling inky potion
   840 | D:1      | 840 ||| DROPPING scroll of poison.
   841 | D:1      | 841 ||| DROPPING potion of lignification.
   886 | D:2      | Reached XP level 3. HP: 21/21 MP: 4/4
  1405 | D:2      | Identified the +11 sling of the Enfolding Eel {heavy,
                  | rPois}
  1407 | D:2      | 1407 ||| SWAPPING to +11 sling of the Enfolding Eel {heavy,
                  | rPois}.
  1408 | D:2      | 1408 ||| DROPPING +3 sling.
  1677 | D:2      | 1677 ||| READING scroll labelled RUIVUS ANEN.
  1678 | D:2      | 1678 ||| READING scroll labelled ENEANK PUNOGI.
  1679 | D:2      | 1679 ||| READING scroll labelled XESHRI WODEU.
  1680 | D:2      | 1680 ||| READING 3 scrolls of identify.
  1680 | D:2      | 1680 ||| IDENTIFYING bubbling brown potion
  1726 | D:3      | Reached XP level 4. HP: 26/26 MP: 5/5
  1747 | D:3      | Found a burning altar of Makhleb.
  1834 | D:3      | Found a faded altar of an unknown god.
  1836 | D:3      | Reached skill level 4 in Ranged Weapons
  1859 | D:3      | Found an ornate altar of the Wu Jian Council.
  2032 | D:3      | Reached skill level 1 in Armour
  2338 | D:3      | 2338 ||| READING scroll labelled GINGYEPSUKOJ.
  2339 | D:3      | 2339 ||| READING scroll labelled AVORIOTOKIS.
  2340 | D:3      | 2340 ||| READING 3 scrolls of identify.
  2340 | D:3      | 2340 ||| IDENTIFYING gluggy clear potion
  2341 | D:3      | 2341 ||| READING 2 scrolls of identify.
  2341 | D:3      | 2341 ||| IDENTIFYING emerald potion
  2457 | D:4      | 2457 ||| STAIRDANCE
  2471 | D:4      | Reached XP level 5. HP: 30/30 MP: 6/6
  2506 | D:4      | 2506 ||| READING scroll of enchant armour.
  2506 | D:4      | 2506 ||| ENCHANTING +0 steam dragon scales.
  2539 | D:4      | Reached skill level 5 in Ranged Weapons
  2673 | D:4      | Found a staircase to the Ecumenical Temple.
  2673 | D:4      | Noticed a black bear
  2674 | D:4      | 2674 ||| PLANNING TEMPLE
  2675 | D:4      | 2675 ||| READING scroll labelled VATUEBAVOU.
  2676 | D:4      | 2676 ||| DRINKING 2 inky potions.
  2680 | D:4      | Killed a black bear
  2681 | D:4      | Reached skill level 3 in Fighting
  2681 | D:4      | Reached XP level 6. HP: 38/38 MP: 7/7
  2686 | Temple   | Entered the Ecumenical Temple
  2706 | Temple   | 2706 ||| PLANNING OKAWARU WORSHIP
  2717 | Temple   | Became a worshipper of Warmaster Okawaru
  2718 | Temple   | 2718 ||| PLANNING D:1-11
  2742 | D:4      | Found a snail-covered altar of Cheibriados.
  2977 | D:4      | Found a runed translucent gate.
  2977 | D:4      | Noticed qw's ghost (amateur MiHs)
  2978 | D:4      | Found a runed translucent gate.
  2978 | D:4      | Identified the +4 sling of Goth {drain, rF++ Dex+2}
  2979 | D:4      | Found a runed translucent gate.
  3232 | D:5      | Entered Level 5 of the Dungeon
  3358 | D:5      | Noticed Duvessa
  3358 | D:5      | Noticed Dowan
  3360 | D:5      | Killed Dowan
  3365 | D:5      | HP: 6/38 [Duvessa/+0 short sword (6)]
  3366 | D:5      | HP: 1/38 [Duvessa/+0 short sword (6)]
  3367 | D:5      | Slain by Duvessa

Levels and vault maps discovered:
D:1:      minmay_arrival_split_and_join, layout_basic,
          hellmonk_ecumenical_altar_arch_garden, grunt_decor_mini_mirrors,
          chequers_serial_rivers_small_b
D:2:      layout_basic, hangedman_decor_growths, grunt_ministairs_9,
          chequers_garden
D:3:      layout_loops_ring, nicolae_overflow_ecumenical_swirl, bloody_makhleb
D:4:      layout_basic, cheibriados_altar_1, temple_statues,
          biasface_ghost_orc_armoury
D:5:      layout_loops_ring, fedhas_bush_and_centaur_altar, uniq_edmund,
          uniq_duvessa, uniq_menkaure
Temple:   nicolae_temple_ecumenical_triangle

Skill      XL: |  1  2  3  4  5 |
---------------+----------------+-----
Ranged Weapons | 3 4 5 |  5.8
Fighting       | 2 3 |  3.8
Armour         | 1 |  1.0
Dodging        | |  1.5
Spellcasting   | |  1.0
Hexes          | |  2.6

Action                     |  1- 3 |  4- 6 || total
---------------------------+-------+-------++-------
   Fire: Sling             |   106 |    63 ||   169
    Use: Scroll            |    10 |     6 ||    16
         Potion            |       |     1 ||     1
 Armour: Robe              |    10 |       ||    10
         Steam dragon scal |     8 |    22 ||    30
  Dodge: Dodged            |    31 |    23 ||    54

Table legend:
 A = Non-vault XP
 B = Vault XP
 C = Vault XP percentage of total XP
 D = Non-vault monster count
 E = Vault monster count
 F = Vault count percentage of total count
                 A         B        C        D         E       F
            +---------+---------+-------+---------+---------+-------
      Total |     468 |      76 |  14.0 |      69 |       3 |   4.2
            +---------+---------+-------+---------+---------+-------
        D:1 |      32 |       0 |   0.0 |      19 |       0 |   0.0
        D:2 |      42 |       7 |  14.3 |      16 |       2 |  11.1
        D:3 |      62 |       0 |   0.0 |      20 |       0 |   0.0
        D:4 |     277 |       0 |   0.0 |      10 |       0 |   0.0
        D:5 |      55 |      69 |  55.6 |       4 |       1 |  20.0
            +---------+---------+-------+---------+---------+-------
